 Dungeon Crawl Stone Soup version 0.28.0-45-g0d030f2227 (webtiles) character file.

Game seed: 3195869994027170478

49 Zeld the Poker (level 3, 0/28 HPs)
             Began as a Merfolk Gladiator on Apr 20, 2022.
             Slain by a goblin
             ... wielding a +0 club
              (3 damage)
             ... on level 2 of the Dungeon.
             The game lasted 00:01:54 (1262 turns).

Zeld the Poker (Merfolk Gladiator)                  Turns: 1262, Time: 00:01:55

Health: 0/28       AC:  4    Str: 16    XL:     3   Next: 77%
Magic:  3/3        EV: 13    Int:  7    God:
Gold:   80         SH:  0    Dex: 15    Spells: 2/2 levels left

rFire   . . .      SeeInvis .   a - +0 trident
rCold   . . .      Faith    .   (no shield)
rNeg    . . .      Spirit   .   b - +0 leather armour
rPois   .          Reflect  .   c - +0 helmet
rElec   .          Harm     .   (no cloak)
rCorr   .          Rampage  .   (no gloves)
Will    .....                   (no boots)
Stlth   +.........              (no amulet)
HPRegen 0.09/turn               (no ring)
MPRegen 0.08/turn               (no ring)

@: no status effects
A: (nimble swimmer 2), mertail
a: no special abilities


You were on level 2 of the Dungeon.
You visited 1 branch of the dungeon, and saw 2 of its levels.

You collected 80 gold pieces.

Inventory:

Hand Weapons
 a - a +0 trident (weapon)
Armour
 b - a +0 leather armour (worn)
 c - a +0 helmet (worn)
Scrolls
 g - a scroll of blinking {unknown}
Potions
 e - a potion of degeneration {unknown}
 f - a potion of ambrosia {unknown}
 h - a potion of haste {unknown}


   Skills:
 + Level 2.5 Fighting
 * Level 5.2 Polearms
 * Level 2.5 Throwing
 + Level 0.4 Armour
 + Level 4.3 Dodging
 + Level 0.9 Stealth


You had 2 spell levels left.
You didn't know any spells.
Your spell library was empty.

Dungeon Overview and Level Annotations

Branches:
Dungeon (2/15)

Altars:


Innate Abilities, Weirdness & Mutations

((You are very nimble when in or above water. (Stealth+, EV+, Speed+++)))
Your lower body shifts to a powerful aquatic tail in water.


Message History

Throw: throwing net
Press: ? - help, Q - select action Shift-Dir - straight line, f/p - adder
Aim: an adder (42% to hit)
You throw a throwing net. The throwing net misses the adder.
The throwing net completely misses the bat.
The throwing net hits the adder.
The adder is caught in the net!
The adder struggles against the net.
The adder barely misses you.
The adder struggles against the net.
Unknown command.
The adder struggles against the net.
The adder struggles against the net.
The net rips apart, and the adder comes free!
The adder barely misses you.
You closely miss the adder. The adder closely misses you.
The bat closely misses you.
You closely miss the adder. You punch the adder, but do no damage.
The bat misses you. The bat barely misses you. The adder bites you.
You are poisoned.
The adder poisons you! The bat hits you but does no damage.
You feel sick. The bat hits you but does no damage.
You feel sick.
You feel sick. The bat hits you but does no damage.
You feel sick. The bat barely misses you.
You feel sick.
You are no longer poisoned.
The bat barely misses you. The bat hits you but does no damage.
The bat closely misses you. x2
The bat misses you. The adder bites you.
* * * LOW HITPOINT WARNING * * *
The bat closely misses you. The bat hits you but does no damage.
The bat misses you. The bat hits you.
* * * LOW HITPOINT WARNING * * *
The bat barely misses you. The adder bites you but does no damage.
The bat hits you but does no damage.
Things that are here:
a +0 whip; 2 stones; a kobold corpse The bat closely misses you.
The goblin hits you with a +0 club.
You die...

#.####....................
##............†......
##..........###.....
#..........# #.....
#..........# ###### ..
####SK.....# #..###
##bSl.##.#
#....##†.##..#.####
#..@g####.l....### ##...##
###.#....#
#.#..#####.##.#.###
...##............#.. ...##
######..#.##.... .###
#.##.###... #.##.# #...
#.##.# #... ###.##.####..


You could see 2 adders, a goblin, a bat, a kobold and a frilled lizard.

Vanquished Creatures
  A worm (D:2)
  3 dart slugs
  An endoplasm (D:1)
  2 giant cockroaches (D:1)
  A goblin (D:2)
  4 hobgoblins
  4 jackals
  3 kobolds
  2 quokkas (D:1)
  8 ball pythons (D:1)
  3 bats
  2 frilled lizards (D:1)
  3 rats
37 creatures vanquished.

Notes
Turn   | Place    | Note
-------+----------+-------------------------------------------
     0 | D:1      | Zeld the Merfolk Gladiator began the quest for the Orb.
     0 | D:1      | Reached XP level 1. HP: 16/16 MP: 1/1
   418 | D:1      | Reached XP level 2. HP: 15/22 MP: 2/2
   760 | D:1      | Reached XP level 3. HP: 26/28 MP: 3/3
   905 | D:1      | Found a faded altar of an unknown god.
   969 | D:1      | Reached skill level 5 in Polearms
  1262 | D:2      | Slain by a goblin

Illustrated notes

Levels and vault maps discovered:
D:1:      minmay_arrival_split_and_join, layout_rooms,
          nicolae_ecumenical_snake_handling
D:2:      layout_rooms, grunt_decor_resistance, nrook_uturn,
          kennysheep_generic_room_14

Skill      XL: |  1  2  3 |
---------------+----------+-----
Polearms       | 5 |  5.2
Fighting       | |  2.5
Throwing       | |  2.5
Armour         | |  0.4
Dodging        | |  4.3
Stealth        | |  0.9

Action                   || total
-------------------------++-------
Melee: Trident           ||   126
       Punch             ||     2
Throw: Throwing net      ||     3
 Stab: Sleeping          ||     2
Armor: Leather armour    ||    40
Dodge: Dodged            ||   108
